Map: 16-Bit LE

Players

Blades

  • Race: Protoss Protoss
  • League: Gold
  • Spawn Location: 7:00

yjzhou - Winner!

  • Race: Terran Terran
  • League: Gold
  • Spawn Location: 1:00

VOD

Have the link to the VOD?

Description

Time

  • Played on: June 24, 2018, 9:16 a.m.
  • Length: 36:31
Show
View Real Time Build Order
Export as new Build Order

Blades Protoss 

Build Orders: 1 Gate Expand 

Get SALT Encoding   

  12  0:01  Probe  
  13  0:14  Pylon, Probe  
  14  0:24  Probe  
  15  0:35  Gateway  
  15  0:39  Probe  
  16  0:47  Assimilator  
  16  0:53  Probe  
  17  1:01  Probe  
  17  1:09  Probe  
  19  1:19  Probe  
  20  1:29  Nexus  
  20  1:39  Cybernetics Core  
  20  1:51  Probe  
  21  1:59  Pylon  
  21  2:03  Probe  
  22  2:12  Gateway  
  22  2:21  Pylon, Adept  
  22  2:25  Warp Gate  
  22  2:29  Probe  
  24  2:31  Assimilator  
  25  2:37  Probe  
  26  2:47  Probe  
  26  2:48  Probe  
  28  3:00  Probe  
  28  3:06  Adept  
  30  3:13  Probe  
  30  3:16  Probe  
  32  3:23  Gateway  
  32  3:25  Probe  
  32  3:26  Gateway  
  33  3:30  Sentry  
  33  3:31  Pylon  
  35  3:52  Robotics Facility  
  35  3:57  Shield Battery  
  35  3:59  Shield Battery  
  35  4:05  Probe x2  
  37  4:10  Pylon  
  37  4:16  Assimilator  
  37  4:17  Probe x2  
  39  4:29  Twilight Council  
  39  4:37  Immortal  
  39  4:39  Stalker  
  39  4:43  Stalker x2  
  45  4:50  Probe  
  45  4:51  Probe  
  51  5:02  Probe  
  50  5:34  Immortal, Probe x2  
  56  5:46  Probe  
  56  5:48  Nexus  
  57  5:50  Pylon  
  57  5:53  Pylon  
  57  5:55  Shield Battery  
  57  5:57  Stalker, Pylon  
  57  5:58  Stalker  
  61  6:06  Observer  
  61  6:14  Probe x2  
  64  6:22  Shield Battery  
  64  6:25  Probe  
  64  6:26  Probe  
  64  6:27  Shield Battery  
  64  6:32  Shield Battery  
  66  6:33  Probe  
  66  6:34  Assimilator  
  66  6:38  Probe  
  68  6:41  Probe  
  68  6:44  Charge  
  68  6:46  Observer  
  70  6:50  Probe  
  70  6:51  Zealot x2  
  70  6:52  Zealot x2, Probe  
  80  6:59  Probe  
  80  7:07  Probe  
  80  7:08  Observer  
  82  7:09  Assimilator  
  82  7:11  Assimilator  
  83  7:16  Zealot x3  
  83  7:17  Probe  
  83  7:22  Adept  
  92  7:28  Pylon  
  92  7:29  Probe  
  93  7:32  Observer  
  93  7:35  Templar Archives  
  93  7:41  Pylon, Probe  
  92  8:41  High Templar x4  
  98  8:47  Archon  
  98  8:48  Archon  
  82  9:16  Probe x3  
  85  9:17  Pylon  
  85  9:22  Immortal  
  89  9:28  Probe x2  
  89  9:29  Gateway  
  91  9:32  Gateway  
  91  9:36  Gateway  
  91  9:42  Stalker  
  91  9:43  Gateway  
  91  9:45  Blink  
  93  9:56  Zealot x2  
  93  9:57  Zealot  
  99  10:00  Probe x3  
  99  10:01  Immortal  
  97  10:42  Pylon  
  97  10:49  Shield Battery  
  97  10:50  Shield Battery  
  97  10:53  Immortal  
  97  10:54  Psionic Storm  
  101  10:57  High Templar x3  
  101  10:58  High Templar  
  109  11:28  Probe x3  
  112  11:35  High Templar x2  
  112  11:37  Zealot  
  112  11:38  Zealot  
  120  11:40  Stalker x4, Probe x2  
  130  11:58  Probe x3  
  133  12:06  Nexus  
  133  12:09  Pylon  
  133  12:10  Pylon  
  133  12:13  Pylon  
  133  12:16  Pylon  
  133  12:28  High Templar  
  133  12:29  High Templar  
  137  12:30  Observer, Stalker  
  139  12:38  Stalker  
  139  12:39  Stalker x4  
  153  12:44  Immortal  
  153  13:04  Zealot x2  
  153  13:05  Zealot x4  
  165  13:23  Immortal  
  169  13:28  Probe x3  
  169  13:30  Probe  
  173  13:38  Shield Battery  
  173  13:40  Probe x2, Shield Battery  
  175  13:42  Probe  
  175  13:43  Shield Battery  
  175  13:45  Shield Battery  
  175  13:48  Assimilator  
  176  13:52  Assimilator  
  176  13:54  Probe  
  177  14:06  Probe  
  117  14:42  Stalker x3  
  117  14:43  Stalker x4  
  117  14:44  Stalker  
  99  15:06  Zealot  
  99  15:07  Zealot x5  
  103  15:08  Zealot x2  
  103  15:11  Immortal  
  119  15:28  High Templar x4  
  121  15:29  High Templar x3  
  133  15:50  Immortal  
  133  15:51  Stalker  
  139  16:12  High Templar  
  139  16:13  High Templar x6  
  139  16:15  Nexus  
  139  16:17  Archon x3  
  153  16:18  Pylon  
  153  16:20  High Templar, Pylon  
  153  16:22  Pylon  
  153  16:24  Archon  
  155  16:29  Immortal  
  121  17:12  Zealot x6  
  121  17:13  Zealot  
  121  17:14  High Templar  
  137  17:20  Probe x3  
  140  17:29  Shield Battery  
  140  17:31  Shield Battery  
  140  17:32  Probe x2  
  140  17:33  Shield Battery  
  140  17:35  Gateway  
  142  17:37  Gateway  
  142  17:42  High Templar x3, Gateway  
  142  17:43  High Templar x3, Gateway  
  154  17:47  Archon x3  
  158  17:51  Immortal  
  158  17:57  Zealot x2  
  158  18:25  Immortal  
  138  18:39  Zealot x4  
  138  18:40  Zealot x4  
  150  18:59  Immortal  
  150  19:02  Stalker x5  
  158  19:03  Stalker  
  166  19:16  High Templar  
  166  19:17  High Templar  
  170  19:21  Stalker x3  
  170  19:22  Stalker  
  178  19:29  Zealot x3, Immortal  
  178  19:30  Zealot x3  
  194  20:08  Immortal  
  186  20:47  Observer  
  183  20:55  Stalker  
  183  20:56  Stalker x6  
  183  20:57  Stalker x2  
  183  22:49  Warp Prism  
  150  23:28  Stalker x3  
  150  23:29  Stalker x4  
  150  23:30  Stalker x4  
  140  23:58  Stalker x3  
  140  23:59  Stalker x5  
  140  24:00  Stalker x4  
  164  24:56  Pylon  
  164  25:00  Nexus  
  164  25:01  Pylon  
  164  25:03  Pylon  
  164  25:08  Nexus  
  164  25:09  Pylon  
  164  25:11  High Templar x2  
  164  25:12  High Templar x6, Pylon x3  
  145  27:13  Gateway  
  145  27:14  Gateway  
  135  27:16  Gateway  
  135  27:17  Gateway  
  135  27:19  Gateway  
  135  27:21  Gateway  
  134  27:26  Cybernetics Core  
  65  28:43  Stalker x5  
  65  28:44  Stalker x3  
  81  29:19  Nexus  
  81  30:31  Pylon  
  81  30:34  Pylon  
  81  30:36  Pylon  
  81  30:53  Gateway  
  81  30:56  Gateway  
  81  30:57  Gateway  
  81  31:01  Gateway  
  81  31:03  Gateway  
  81  31:08  Gateway  
  81  31:11  Gateway  
  81  31:13  Gateway  
  81  31:18  Assimilator  
  81  31:23  Assimilator  
  81  31:36  Pylon  
  81  31:37  Pylon  
  81  31:39  Pylon  
  79  32:10  Nexus  
  79  32:11  Pylon  
  79  32:13  Pylon  
  79  32:16  Pylon  
  79  32:41  Cybernetics Core  
  79  33:23  Stargate  
  79  33:29  Stargate  
  79  33:31  Stargate  
  79  33:34  Stargate  
  79  33:38  Pylon  
  79  33:40  Pylon  
  78  33:43  Pylon  
  78  33:47  Pylon  
  78  34:11  Nexus  
  78  34:14  Pylon  
  78  34:17  Pylon  
  78  34:20  Pylon  
  92  34:51  Gateway  
  92  34:52  Gateway  
  84  34:54  Gateway  
  84  34:57  Gateway  
  84  34:59  Stargate  
  76  35:00  Stargate  
Show
View Real Time Build Order
Export as new Build Order

yjzhou Terran - Winner!

Build Orders:  

Get SALT Encoding   

  12  0:00  SCV  
  13  0:13  SCV  
  14  0:20  Supply Depot  
  14  0:25  SCV  
  15  0:41  SCV  
  16  0:45  Barracks  
  16  0:50  Refinery  
  16  0:54  SCV  
  17  0:57  Refinery  
  17  1:06  SCV  
  18  1:18  SCV  
  19  1:23  Barracks  
  19  1:37  Barracks Reactor  
  19  1:42  SCV  
  20  1:51  Factory  
  21  1:54  SCV  
  21  2:06  SCV  
  22  2:10  Supply Depot  
  22  2:16  Marine  
  22  2:19  Barracks Tech Lab  
  23  2:31  Marine  
  23  2:35  Supply Depot  
  25  2:39  Orbital Command  
  25  2:42  Marine  
  25  2:51  Factory Reactor  
  25  2:52  Marine  
  25  2:54  Marine  
  27  3:02  Marine  
  28  3:16  Marine x2, Stimpack  
  28  3:18  SCV  
  31  3:27  Marine  
  31  3:32  Cyclone  
  35  3:40  Cyclone  
  38  3:42  SCV  
  39  4:01  Supply Depot  
  39  4:21  Command Center  
  39  4:22  Marine x3  
  39  4:23  SCV  
  43  4:28  Widow Mine  
  43  4:29  Widow Mine  
  47  4:44  SCV  
  48  4:47  Supply Depot  
  48  4:51  Marine x2  
  48  4:52  Marine  
  49  5:09  Marine  
  44  5:18  Marine  
  44  5:19  Marine  
  50  5:21  Hellion x2  
  50  5:22  SCV  
  44  5:37  Marine x2  
  44  5:40  Marine  
  44  5:41  Factory  
  47  5:49  SCV x2  
  49  5:59  Starport  
  49  6:00  Combat Shield  
  49  6:01  SCV  
  49  6:02  SCV  
  51  6:15  Orbital Command  
  51  6:18  Refinery  
  51  6:20  SCV  
  51  6:21  Refinery  
  51  6:22  Marine  
  51  6:25  Marine  
  54  6:28  Factory Tech Lab  
  54  6:34  Engineering Bay  
  54  6:37  Starport Reactor  
  54  6:46  Engineering Bay  
  54  6:52  Armory  
  54  6:54  Marine x3  
  54  6:58  Widow Mine  
  59  7:02  Siege Tank  
  62  7:11  Marine  
  62  7:12  Marauder  
  62  7:13  Terran Infantry Weapons Level 1  
  65  7:16  Medivac x2  
  65  7:18  SCV  
  65  7:20  SCV  
  71  7:42  Missile Turret  
  71  7:51  Viking  
  71  7:52  Marine x3, Viking  
  78  8:41  Marine x2, Viking x2  
  78  8:42  Siege Tank, Marauder, Widow Mine  
  85  8:59  Marine x2  
  67  9:10  Marine  
  67  9:14  Siege Tank  
  70  9:17  Marine  
  71  9:27  SCV  
  71  9:28  Marine x2, SCV  
  71  9:29  Terran Infantry Weapons Level 2  
  75  9:35  Marine  
  76  9:40  SCV x2  
  76  9:42  Command Center  
  78  9:51  Factory  
  78  9:56  Factory  
  78  10:05  Command Center  
  71  10:26  Marine x3  
  71  10:28  Siege Tank, Widow Mine x2  
  74  10:32  Terran Ship Weapons Level 1  
  74  10:42  Starport  
  74  10:44  Marine x2  
  74  10:45  Factory Tech Lab, Marauder  
  74  10:46  Factory Reactor  
  78  11:00  Siege Tank  
  81  11:08  SCV x2  
  83  11:15  Marine x3  
  83  11:16  Widow Mine x2  
  83  11:18  Siege Tank  
  93  11:20  SCV x2  
  93  11:25  Widow Mine x2  
  99  11:32  Siege Tank, Marine x2  
  102  11:33  Starport Tech Lab  
  102  11:34  SCV  
  102  11:35  SCV  
  107  11:41  Planetary Fortress  
  107  11:44  Planetary Fortress  
  107  11:46  Marine, Terran Infantry Armor Level 1  
  107  11:47  SCV x2  
  108  11:49  Widow Mine  
  108  11:50  Siege Tank  
  114  12:01  Refinery  
  114  12:03  Marine x2, Refinery  
  116  12:24  Ghost Academy  
  116  12:26  Concussive Shells  
  116  12:36  Barracks  
  116  12:41  Marine x3  
  119  12:46  SCV x2  
  119  12:47  SCV x2  
  123  12:59  Marine  
  124  13:16  Supply Depot  
  124  13:20  Supply Depot  
  124  13:25  Supply Depot  
  124  13:27  Supply Depot  
  124  13:37  Marine x3, SCV  
  124  13:38  Hellion x2  
  132  13:42  Siege Tank, Viking x2, Missile Turret, SCV  
  132  13:43  Missile Turret x2  
  132  13:44  Missile Turret  
  132  13:45  Missile Turret  
  132  13:47  Siege Tank, Hellion, SCV x2  
  147  13:49  SCV  
  147  13:54  SCV  
  149  13:59  SCV  
  150  14:06  Marine x3, SCV x3  
  156  14:15  Terran Vehicle Weapons Level 1  
  156  14:22  Hellion  
  156  14:23  Hellion  
  156  14:24  Marine  
  156  14:25  Siege Tank, Marauder  
  89  15:11  Barracks Tech Lab  
  87  15:17  Personal Cloaking  
  87  15:23  Starport  
  87  15:24  Starport  
  87  15:25  Fusion Core  
  87  15:27  Marine x3  
  87  15:28  Widow Mine, Hellion  
  94  15:29  Siege Tank  
  94  15:30  Siege Tank  
  94  15:31  Viking x2  
  94  15:34  SCV x3  
  107  15:42  Supply Depot  
  107  15:43  Supply Depot  
  107  15:44  Marine x2, SCV  
  107  15:45  Marauder, Marine  
  107  15:46  SCV x2, Supply Depot  
  115  15:59  SCV x3  
  115  16:02  Siege Tank  
  115  16:03  Marauder  
  123  16:04  Marine x2  
  123  16:06  Ghost  
  123  16:11  Widow Mine x2  
  131  16:13  Widow Mine x2  
  135  16:21  Refinery  
  135  16:22  Marine x2  
  135  16:23  Ghost  
  135  16:25  Refinery  
  139  16:33  Command Center  
  139  16:35  Ghost  
  141  16:43  Nuke  
  126  16:58  Liberator x2  
  96  17:03  Ghost  
  92  17:09  Marine x3  
  92  17:12  Widow Mine x2  
  92  17:14  Thor x2  
  111  17:18  Starport Tech Lab x2  
  117  17:27  Marine  
  117  17:29  Marine x2  
  120  17:31  Hellion x2  
  120  17:32  Marine  
  120  17:34  Hellion  
  127  17:45  Marine  
  108  18:33  Marine x4  
  105  18:34  Widow Mine  
  105  18:35  Widow Mine  
  109  18:45  Siege Tank x2  
  109  18:47  Battlecruiser x2  
  127  18:51  Marine x2  
  129  18:59  Battlecruiser  
  135  19:10  Refinery  
  135  19:12  Refinery  
  135  19:14  Barracks  
  135  19:15  SCV  
  135  19:16  Barracks, SCV x3  
  139  19:17  Siege Tank, Marine x4  
  139  19:18  Barracks  
  146  19:25  Planetary Fortress  
  146  19:26  Starport  
  146  19:29  Terran Vehicle Weapons Level 2  
  146  19:35  Marine x2  
  148  19:51  Battlecruiser  
  154  19:53  Terran Infantry Armor Level 2  
  154  20:03  Battlecruiser  
  160  20:10  Marine x5  
  160  20:11  Marine x2  
  167  20:14  Weapon Refit  
  153  20:27  Marine  
  116  20:43  Marine  
  116  20:44  Marine x5  
  116  20:46  Widow Mine  
  116  20:47  Widow Mine x2  
  125  21:07  Battlecruiser x2  
  135  21:20  Marine, SCV x4  
  135  21:21  Marine  
  135  21:23  Barracks Reactor  
  141  21:26  Barracks Tech Lab  
  141  21:36  Starport Tech Lab  
  141  21:39  Barracks Tech Lab  
  141  21:45  Battlecruiser  
  122  22:09  Hi-Sec Auto Tracking  
  122  22:10  Marine  
  122  22:11  Marine x2, Battlecruiser  
  127  22:28  Marine  
  127  22:29  Marine x3  
  127  22:31  Widow Mine x3  
  127  22:32  Siege Tank  
  127  22:33  Siege Tank  
  139  22:46  Marine x2  
  139  22:47  Marauder x2  
  139  22:49  Barracks  
  139  22:50  Barracks, Command Center  
  145  22:55  Widow Mine x2  
  145  22:56  Widow Mine  
  151  23:04  Siege Tank, Marine x2  
  151  23:05  Siege Tank, Neosteel Frame  
  159  23:08  Marauder, Marine  
  115  24:01  Marine x3  
  112  24:21  SCV x2  
  114  24:33  SCV x2  
  114  24:34  Marine x2  
  114  24:35  Marine x4  
  114  24:38  Widow Mine  
  124  24:45  SCV  
  124  24:49  Refinery  
  124  24:52  Refinery  
  125  25:43  Marine, SCV  
  125  25:44  Widow Mine, Marauder, Siege Tank, SCV  
  125  25:45  Widow Mine, Marine x3  
  125  25:47  Marauder  
  125  25:48  Siege Tank  
  121  25:55  SCV  
  121  25:57  SCV  
  113  26:03  Marine  
  87  26:17  Siege Tank  
  87  26:20  Siege Tank  
  86  26:31  Marine x2  
  86  26:32  Marine x3  
  84  26:33  Widow Mine  
  84  26:34  Widow Mine, Marine  
  66  27:18  Orbital Command  
  42  31:13  Orbital Command  
  42  33:19  Orbital Command  
Tags
 
League
GoldGold
Matchup
PvT
Spawn Locations
Cross Positions
Add a new tag
Caveats
  • Supply blocks, unpowered buildings, or Contaminate may cause inaccurate times.
  • Supply counts are checked every 10 seconds.